 Dungeon Crawl Stone Soup version 0.29-a0-1009-g60c99734e7 (webtiles) character file.

Game seed: 13339727020367993479

106 drpainis the Sneak (level 4, -2/21 HPs)
             Began as a Spriggan Enchanter on Aug 8, 2022.
             Slain by a black bear (4 damage)
             ... on level 3 of the Dungeon.
             The game lasted 00:04:12 (3801 turns).

drpainis the Sneak (Spriggan Enchanter)             Turns: 3801, Time: 00:04:13

Health: -2/21      AC:  2    Str:  4    XL:     4   Next: 55%
Magic:  6/18       EV: 18    Int: 16    God:
Gold:   60         SH:  0    Dex: 17    Spells: 7/9 levels left

rFire   x . .      SeeInvis +   a - +1 dagger
rCold   + . .      Faith    .   (no shield)
rNeg    . . .      Spirit   .   b - +0 robe
rPois   .          Reflect  .   (helmet restricted)
rElec   .          Harm     .   (no cloak)
rCorr   .          Rampage  .   (gloves unavailable)
Will    .....                   (boots unavailable)
Stlth   +++.......              (no amulet)
HPRegen 0.07/turn               e - ring of magical power
MPRegen 0.16/turn               f - ring of ice

@: invisible, very quick
A: very small, no large weapons, unfitting armour, see invisible, speed 3
a: no special abilities


You were on level 3 of the Dungeon.
You visited 1 branch of the dungeon, and saw 3 of its levels.

You collected 60 gold pieces.

Inventory:

Hand Weapons
 a - a +1 dagger (weapon)
Armour
 b - a +0 robe (worn)
Magical Staves
 n - a staff of poison
Jewellery
 e - a ring of magical power (left hand)
 f - a ring of ice (right hand)
Scrolls
 d - 2 scrolls of identify {unknown}
 g - a scroll of immolation {unknown}
 j - a scroll of vulnerability {unknown}
 k - 2 scrolls of enchant weapon {unknown}
Potions
 c - a potion of invisibility
 h - 4 potions of curing {unknown}
 i - a potion of might {unknown}
 l - 2 potions of cancellation {unknown}
 m - a potion of haste {unknown}


   Skills:
 + Level 1.5 Short Blades
 + Level 3.1 Dodging
 + Level 6.2 Stealth
 + Level 3.3 Spellcasting
 + Level 4.3 Hexes
 + Level 1.0 Ice Magic


You had 7 spell levels left.
You knew the following spells:

 Your Spells              Type           Power      Damage    Failure   Level
a - Ensorcelled Hibernat  Hex/Ice        32%        N/A       9%          2

Your spell library contained the following spells:

 Spells                   Type           Power      Damage    Failure   Level
 Confusing Touch          Hex            16%        N/A       10%         3
 Tukima's Dance           Hex            16%        N/A       10%         3
 Dazzling Flash           Conj/Hex       18%        N/A       22%         3


Dungeon Overview and Level Annotations

Branches:
Dungeon (3/15)

Altars:
Zin


Innate Abilities, Weirdness & Mutations

You are very small and have problems with some larger weapons.
You are too small for most types of armour.
You have supernaturally acute eyesight. (SInv)
You cover ground extremely quickly. (Speed+++)


Message History

The black bear resists with some effort.
You see here a ring of positive energy.
Casting: Ensorcelled Hibernation (safe; 9% risk of failure)
Confirm with . or Enter, or press ? or * to list all spells.
Aiming: Ensorcelled Hibernation (safe; 9% risk of failure)
Press: ? - help, Shift-Dir - straight line, f/p - black bear
Aim: a black bear (chance to affect: 50%)
You feel a surge of power!
The black bear resists with some effort.
Casting: Ensorcelled Hibernation (safe; 9% risk of failure)
Confirm with . or Enter, or press ? or * to list all spells.
Aiming: Ensorcelled Hibernation (safe; 9% risk of failure)
Press: ? - help, Shift-Dir - straight line, f/p - black bear
Aim: a black bear (chance to affect: 50%)
You feel a surge of power!
The black bear looks drowsy...
The helpless black bear fails to defend itself.
You impale the black bear!!
The black bear is almost dead.
The black bear bites you but does no damage.
The black bear misses you. The black bear closely misses you.
The black bear goes berserk!
You hear an angry growl.
Things that are here:
a +0 war axe; an orc skeleton The black bear closely misses you.
The black bear claws you. The black bear closely misses you.
Casting: Ensorcelled Hibernation (safe; 9% risk of failure)
Confirm with . or Enter, or press ? or * to list all spells.
You don't know that spell.
Sorry, you're not good enough to have a special ability.
Unknown command.
You fade into invisibility!
The black bear closely misses you. The black bear claws you.
The black bear completely misses you.
You hit the black bear but do no damage.
The black bear is almost dead.
The black bear misses you. The black bear claws you!
* * * LOW HITPOINT WARNING * * *
The black bear claws you.
You die...

...............#
##.###...(.....##
#.###..........#
#..............#
#####..........#
######............#
#.......#.......$.####
#.......#........>?)..
#....@..?.............
#.....h.#.#...#..#....
#.......#........#####
.......#......?....#
.#####.####.########
#.# #.# .. ..# #. ###


You could see a black bear (berserk, unable to see you).

Vanquished Creatures
  Jessica (D:2)
  2 adders
  A worm (D:3)
  2 dart slugs (D:2)
  An orc (D:3)
  4 endoplasms
  4 giant cockroaches
  2 hobgoblins (D:1)
  6 jackals
  A kobold (D:1)
  2 quokkas
  6 ball pythons
  5 bats
  A frilled lizard (D:1)
  7 goblins
  5 rats
50 creatures vanquished.

Vanquished Creatures (others)
  A plant (D:1)
1 creature vanquished.

Grand Total: 51 creatures vanquished

Notes
Turn   | Place    | Note
-------+----------+-------------------------------------------
     0 | D:1      | drpainis the Spriggan Enchanter began the quest for the
                  | Orb.
     0 | D:1      | Reached XP level 1. HP: 9/9 MP: 5/5
   994 | D:1      | Reached XP level 2. HP: 13/13 MP: 6/6
  1460 | D:1      | Learned a level 2 spell: Ensorcelled Hibernation
  1951 | D:1      | Found a faded altar of an unknown god.
  2270 | D:2      | Reached skill level 5 in Stealth
  2361 | D:2      | Reached XP level 3. HP: 16/16 MP: 7/8
  2929 | D:2      | Noticed Jessica
  2937 | D:2      | Killed Jessica
  2938 | D:2      | Reached XP level 4. HP: 14/21 MP: 9/9
  3260 | D:2      | Reached skill level 1 in Ice Magic
  3315 | D:2      | Found a glowing silver altar of Zin.
  3518 | D:3      | Reached skill level 6 in Stealth
  3699 | D:3      | Noticed a black bear
  3801 | D:3      | Slain by a black bear

Illustrated notes

Levels and vault maps discovered:
D:1:      lemuel_arrival_muddy, layout_basic, serial_bayou, serial_bayou_pond_d,
          serial_bayou_crossing, serial_bayou_lagoon_a, serial_bayou_shore_b,
          hellmonk_ecumenical_altar_crossroads, serial_bayou_pond_a
D:2:      layout_loops_ring, basic_altar, minmay_misc_feat_encased,
          kennysheep_jessica_study
D:3:      layout_loops_cross, wander_ebering_terrifying_dragon_lair

Skill      XL: |  1  2  3  4 |
---------------+-------------+-----
Dodging        | 3 |  3.1
Hexes          | 4 |  4.3
Stealth        | 5 6 |  6.2
Spellcasting   | 3 |  3.3
Ice Magic      | 1 |  1.0
Short Blades   | |  1.5

Action                   |  1- 3 |  4- 6 || total
-------------------------+-------+-------++-------
Melee: Dagger            |    94 |    23 ||   117
       Punch             |     1 |       ||     1
 Cast: Ensorcelled Hiber |    24 |    11 ||    35
  Use: Potion            |       |     1 ||     1
 Stab: Sleeping          |    23 |     8 ||    31
       Distracted        |     1 |       ||     1
Armor: Robe              |     5 |     1 ||     6
Dodge: Dodged            |    70 |    22 ||    92

Table legend: (Time is in decaauts)
 A = Elapsed time spent in this place.
 B = Non-inter-level travel time spent in this place.
 C = Inter-level travel time spent in this place.
 D = Time resting spent in this place.
 E = Time spent auto-exploring this place.
 F = Levels seen in this place.
 G = Mean time per level.
                   A        B        C        D        E       F      G
               +--------+--------+--------+--------+--------+-----+--------+
         Total |   3174 |   3150 |     24 |   1578 |   1149 |   3 | 1058.0 |
       Dungeon |   3174 |   3150 |     24 |   1578 |   1149 |   3 | 1058.0 |
               +--------+--------+--------+--------+--------+-----+--------+

Top non-repeatable levels by time:
     D:1: 1923 daAuts
     D:2: 916 daAuts
     D:3: 334 daAuts
